 Dungeon Crawl Stone Soup version 0.31.0 (webtiles) character file.

Game seed: 10904124962001915844

1516 jt the Cleaver (level 8, -2/68 HPs)
             Began as a Minotaur Warper on Jan 19, 2024.
             Was a Priest of Kikubaaqudgha.
             Slain by a gnoll
             ... wielding a +0 halberd
              (9 damage)
             ... on level 6 of the Dungeon.
             The game lasted 00:11:02 (5807 turns).

jt the Cleaver (Minotaur Warper)                    Turns: 5807, Time: 00:11:02

Health: -2/68      AC:  6    Str: 18    XL:     8   Next: 54%
Magic:  0/9        EV: 10    Int: 10    God:    Kikubaaqudgha [***...]
Gold:   380        SH:  0    Dex: 16    Spells: 9/9 levels left

rFire   . . .        a - +1 hand axe (heavy)
rCold   . . .        (no shield)
rNeg    . . .        v - +0 scale mail
rPois   .            (helmet restricted)
rElec   .            (no cloak)
rCorr   .            (no gloves)
SInv    .            (no boots)
Will    +....        h - amulet of guardian spirit Stlth
                     n - ring of willpower
HPRegen 0.31/turn    c - +6 ring of dexterity
MPRegen 0.11/turn

%: guardian spirit
@: no status effects
A: horns 2, retaliatory headbutt
a: Renounce Religion, Unearth Wretches


You were on level 6 of the Dungeon.
You worshipped Kikubaaqudgha.
Kikubaaqudgha was most pleased with you.
You visited 2 branches of the dungeon, and saw 7 of its levels.

You collected 380 gold pieces.

Inventory:

Hand Weapons
 a - a +1 heavy hand axe (weapon)
 i - a +0 trident
 r - a +0 halberd
 t - a +0 hand axe
 w - a +0 sling
Missiles
 d - 6 darts of dispersal
 g - 52 stones
 m - 7 atropa-tipped darts
 o - 8 poisoned darts (quivered)
 s - 3 throwing nets
Armour
 b - a +0 leather armour
 f - a +0 ring mail
 v - a +0 scale mail (worn)
Magical Staves
 u - a staff of alchemy
Jewellery
 c - a +6 ring of dexterity (right hand)
 h - an amulet of guardian spirit (around neck)
 n - a ring of willpower (left hand)
Scrolls
 l - a scroll of fog
 p - a scroll of identify
 q - a scroll of noise


   Skills:
 - Level 5.0 Fighting
 + Level 11.6 Axes
 - Level 2.0 Throwing
 - Level 3.0 Armour
 - Level 2.1 Dodging
 - Level 1.3 Spellcasting
 - Level 2.1 Translocations


You had 9 spell levels left.
You didn't know any spells.
Your spell library contained the following spells:

 Spells                   Type           Power      Damage    Failure   Level
 Blink                    Tloc           10%        N/A       54%         2
 Lesser Beckoning         Tloc           10%        N/A       54%         2
 Kiss of Death            Conj/Necr      0%         2d5       71%         1
 Teleport Other           Tloc           5%         N/A       77%         3
 Sublimation of Blood     Necr           0%         N/A       83%         2
 Vampiric Draining        Necr           0%         2d6       97%         3
 Manifold Assault         Tloc           5%         N/A       99%         4
 Animate Dead             Necr           0%         N/A       100%        4
 Martyr's Knell           Necr/Summ      0%         N/A       100%        4
 Vhi's Electric Charge    Tloc/Air       4%         N/A       100%        4
 Borgnjor's Vile Clutch   Necr/Erth      0%         N/A       100%        5
 Curse of Agony           Necr           0%         N/A       100%        5
 Death Channel            Necr           0%         N/A       100%        6


Dungeon Overview and Level Annotations

Branches:
Dungeon (6/15)             Temple (1/1) D:5

Altars:
Ashenzari
Cheibriados
Dithmenos
Fedhas
Gozag
Hepliaklqana
Kikubaaqudgha
Qazlal
Ru
Sif Muna
Trog
Uskayaw
Wu Jian
Xom


Innate Abilities, Weirdness & Mutations

You have a pair of horns on your head.
You reflexively headbutt those who attack you in melee.


Message History

The scorpion is heavily wounded.
You feel very sick. The scorpion stings you.
You are more poisoned.
The scorpion poisons you! The gnoll misses you. The scorpion stings you.
Throw: 9 darts (poison)
Press: ? - help, Q - select action, (/) - cycle Shift-Dir - straight line, f/p - scorpion
Aim: a scorpion (severely wounded, poisoned, 60% to hit)
You throw a poisoned dart.
The poisoned dart barely misses the scorpion.
The poisoned dart hits the gnoll.
The gnoll is poisoned.
You feel very sick.
The scorpion looks more healthy.
The gnoll hits you from afar with a +0 halberd!
* * * LOW HITPOINT WARNING * * *
The scorpion barely misses you. You furiously retaliate!
You headbutt the scorpion.
You feel better. The scorpion closely misses you. The gnoll misses you.
You hit the scorpion.
You kill the scorpion!
Kikubaaqudgha accepts your kill.
The gnoll hits you from afar with a +0 halberd.
* * * LOW HITPOINT WARNING * * *
Unknown command.
Unknown command.
You aren't carrying any items that you can evoke.
The gnoll hits you with a +0 halberd!
* * * LOW HITPOINT WARNING * * *
You closely miss the gnoll.
You headbutt the gnoll, but do no damage.
The gnoll is lightly wounded.
The gnoll hits you with a +0 halberd.
* * * LOW HITPOINT WARNING * * *
You aren't carrying any potions.
Unknown command.
You closely miss the gnoll.
The gnoll is lightly wounded.
The gnoll hits you with a +0 halberd!
You die...
Kikubaaqudgha rasps: "You have failed me!
Welcome... death!"

#########............#
#.........[♣♣♣♣♣♣♣♣♣.#
#........#♣§........♣#
#........#♣.≈§≈§≈≈≈.♣
##........#♣≈..§§§..§♣
..........#♣≈.≈...≈.≈♣
..........#♣≈.≈._.≈§≈♣
........<.#♣§.≈...≈.≈♣
.......@..#♣≈..§§§..≈♣
......g(.$#♣.≈≈≈§≈≈§.♣
....#####).♣.)..§§...♣
.... ##..♣♣♣♣♣♣♣♣♣.#
.. ###†###... .#
#.......# ## .
#.......# >. #.......#
####..# #.......#


You could see a gnoll (poisoned).

Vanquished Creatures
  A water moccasin (D:5)
  An ice beast (D:5)
  An ogre (D:6)
  2 phantoms
  A scorpion (D:6)
  A gnoll sergeant (D:4)
  3 wights
  3 howler monkeys
  3 jellies (D:5)
  A hound (D:5)
  3 orc priests (D:5)
  A gnoll bouda (D:6)
  3 iguanas (D:6)
  4 orc wizards (D:5)
  8 adders
  10 gnolls
  A shadow imp (D:5)
  2 white imps
  4 dart slugs
  10 orcs
  7 bats
  6 endoplasms
  4 giant cockroaches
  5 goblins
  7 hobgoblins
  5 quokkas
  7 ball pythons
  3 frilled lizards
  7 kobolds
  5 rats
119 creatures vanquished.

Notes
Turn   | Place    | Note
-------+----------+-------------------------------------------
     0 | D:1      | jt the Minotaur Warper began the quest for the Orb.
     0 | D:1      | Reached XP level 1. HP: 18/18 MP: 1/1
   123 | D:1      | Reached skill level 3 in Axes
   246 | D:1      | Reached XP level 2. HP: 21/25 MP: 3/3
   478 | D:1      | Reached skill level 4 in Axes
   692 | D:2      | Found a faded altar of an unknown god.
   695 | D:2      | Prayed at the altar of an unknown god.
   695 | D:2      | Became a worshipper of Kikubaaqudgha
   695 | D:2      | Reached * piety under Kikubaaqudgha
   695 | D:2      | Received a gift from Kikubaaqudgha
   810 | D:2      | Reached XP level 3. HP: 30/30 MP: 4/4
  1344 | D:3      | Found an ornate altar of the Wu Jian Council.
  1666 | D:3      | Reached skill level 5 in Axes
  1889 | D:2      | Found a hide-covered altar of Uskayaw.
  1917 | D:2      | Reached ** piety under Kikubaaqudgha
  1921 | D:2      | Reached XP level 4. HP: 35/37 MP: 3/5
  2333 | D:4      | Noticed a gnoll sergeant
  2658 | D:4      | Reached skill level 6 in Axes
  2658 | D:4      | Reached XP level 5. HP: 38/42 MP: 4/6
  2679 | D:4      | Found a stormy altar of Qazlal.
  3206 | D:4      | Noticed an ogre
  3316 | D:5      | Entered Level 5 of the Dungeon
  3323 | D:5      | Noticed an ice beast
  3365 | D:5      | Reached skill level 7 in Axes
  3365 | D:5      | Reached XP level 6. HP: 18/50 MP: 1/7
  3601 | D:5      | Found a staircase to the Ecumenical Temple.
  3605 | Temple   | Entered the Ecumenical Temple
  3865 | D:5      | Found a shadowy altar of Dithmenos.
  4098 | D:5      | Reached skill level 8 in Axes
  4307 | D:5      | Reached XP level 7. HP: 57/57 MP: 8/8
  4637 | D:5      | Reached *** piety under Kikubaaqudgha
  4637 | D:5      | Received a gift from Kikubaaqudgha
  4765 | D:5      | Reached skill level 9 in Axes
  5431 | D:6      | Found a snail-covered altar of Cheibriados.
  5435 | D:6      | Reached skill level 5 in Fighting
  5435 | D:6      | Reached skill level 10 in Axes
  5435 | D:6      | Reached XP level 8. HP: 48/68 MP: 5/9
  5761 | D:6      | Reached skill level 11 in Axes
  5807 | D:6      | Slain by a gnoll

Illustrated notes

Levels and vault maps discovered:
D:1:      roderic_dead_forest, layout_rooms
D:2:      layout_basic, nicolae_ecumenical_pavilion, basic_altar, minmay_3d_cube
D:3:      layout_basic, mainiacjoe_overflow_six_doors_small,
          minmay_misc_feat_hallway, kennysheep_generic_room_15
D:4:      nicolae_cairo_tiling, layout_loops_cross,
          nicolae_qazlal_general_emergency, hangedman_decor_peaks_small,
          chequers_garden, nicolae_letterblocks [nicolae_letter_subblock,
          nicolae_letter_subblock, nicolae_letter_subblock,
          nicolae_letter_subblock, nicolae_letter_subblock,
          nicolae_letter_subblock, nicolae_letter_subblock,
          nicolae_letter_subblock, nicolae_letter_subblock,
          nicolae_letter_subblock, nicolae_letter_subblock,
          nicolae_letter_subblock, nicolae_letter_subblock,
          nicolae_letter_subblock, nicolae_letter_subblock,
          nicolae_letter_subblock, nicolae_letter_subblock,
          nicolae_letter_subblock, nicolae_letter_subblock,
          nicolae_letter_subblock, nicolae_letter_subblock,
          nicolae_letter_subblock, nicolae_letter_subblock,
          nicolae_letter_subblock, nicolae_letter_subblock]
D:5:      layout_basic, nicolae_dithmenos_through_a_glass_darkly,
          minmay_temple_entry_grid, minmay_crossroads
D:6:      layout_rooms, mainiacjoe_overflow_paths,
          gammafunk_ghost_abyssal_escape, minmay_joined_circles
Temple:   nicolae_temple_ecumenical_triangle

Skill      XL: |  1  2  3  4  5  6  7  8 |
---------------+-------------------------+-----
Axes           | 3 4 5 6 7 8 10 11 | 11.6
Armour         | 2 3 |  3.0
Fighting       | 3 5 |  5.0
Throwing       | 2 |  2.0
Dodging        | |  2.1
Spellcasting   | |  1.3
Translocations | |  2.1

Action                     |  1- 3 |  4- 6 |  7- 9 || total
---------------------------+-------+-------+-------++-------
  Melee: Hand axe          |   109 |   100 |    98 ||   307
         Headbutt          |    24 |    19 |    17 ||    60
         Staff             |       |       |     3 ||     3
         Punch             |       |       |     1 ||     1
   Fire: Sling             |       |    13 |       ||    13
  Throw: Dart              |     1 |     9 |    19 ||    29
    Use: Scroll            |       |     4 |     1 ||     5
         Potion            |       |     7 |     2 ||     9
 Armour: Leather armour    |    67 |    10 |       ||    77
         Ring mail         |       |    20 |       ||    20
         Scale mail        |       |    54 |   111 ||   165
  Dodge: Dodged            |    60 |    50 |    79 ||   189
